 Dungeon Crawl Stone Soup version 0.21-a0-426-g98080a9 (webtiles) character file.

671 tof the Slasher (level 7, -2/61 HPs)
             Began as a Minotaur Berserker on Nov 6, 2017.
             Was a Priest of Trog.
             Slain by a sky beast (6 damage)
             ... on level 5 of the Dungeon.
             The game lasted 00:05:09 (3667 turns).

tof the Slasher (Minotaur Berserker)                Turns: 3667, Time: 00:05:10

Health: -2/61      AC:  7    Str: 21    XL:     7   Next: 32%
Magic:  6/6        EV: 12    Int:  4    God:    Trog [***...]
Gold:   257        SH:  3    Dex: 12    Spells: 6/6 levels left

rFire    . . .     SeeInvis .   t - -1 spear (curse)
rCold    . . .     Gourm    .   x - +0 buckler
rNeg     . . .     Faith    .   e - +0 ring mail
rPois    .         Spirit   .   (helmet restricted)
rElec    .         Reflect  .   (no cloak)
rCorr    .         Harm     .   (no gloves)
MR       .....                  u - +0 pair of boots
Stlth    +.........             (no amulet)
HPRegen  0.20/turn              (no ring)
MPRegen  0.10/turn              (no ring)

@: no status effects
A: retaliatory headbutt, horns 2
a: Berserk, Trog's Hand, Burn Spellbooks, Renounce Religion


You were on level 5 of the Dungeon.
You worshipped Trog.
Trog was most pleased with you.
You were not hungry.

You visited 1 branch of the dungeon, and saw 5 of its levels.

You collected 257 gold pieces.

Inventory:

Hand Weapons
 a - a +0 falchion
 h - a +3 dagger
 t - a cursed -1 spear (weapon)
Missiles
 k - 7 tomahawks (quivered)
Armour
 e - a +0 ring mail (worn)
 u - a +0 pair of boots (worn)
 x - a +0 buckler (worn)
Scrolls
 f - a scroll of teleportation
 g - 2 scrolls of amnesia
 j - 2 scrolls of fog
 m - a scroll of remove curse
 s - a scroll of blinking {unknown}
 v - a scroll of random uselessness {unknown}
Potions
 b - a potion of flight {unknown}
 d - 2 potions of curing {unknown}
 l - a potion of lignification {unknown}
 o - a potion of might {unknown}
 p - a potion of heal wounds {unknown}
 r - a potion of haste {unknown}
Books
 q - a book of Changes

   Spells                             Type                      Level
   a - Beastly Appendage              Transmutation                1
   b - Sticks to Snakes               Transmutation                2
   c - Spider Form                    Transmutation/Poison         3
   d - Ice Form                       Ice/Transmutation            4
   e - Blade Hands                    Transmutation                5
   Trog disapproves of the use of such an item.
Comestibles
 c - 2 bread rations
 i - 4 royal jellies
 n - 3 meat rations
 w - 2 chunks of flesh


   Skills:
 + Level 5.3 Fighting
 * Level 6.7 Long Blades
 - Level 2.6 Throwing
 + Level 4.6 Armour
 + Level 4.0 Dodging
 + Level 1.0 Shields


You had 6 spell levels left.
You didn't know any spells.

Dungeon Overview and Level Annotations

Branches:
Dungeon (5/15)
 Temple: D:4-7

Altars:


Innate Abilities, Weirdness & Mutations

You reflexively headbutt those who attack you in melee.
You have a pair of horns on your head.


Message History

The sky beast hits you but does no damage.
You hit the sky beast but do no damage.
The sky beast is severely wounded.
The sky beast hits you but does no damage.
You miss the sky beast. Your headbutt misses the sky beast.
The sky beast is severely wounded.
The sky beast hits you but does no damage.
You miss the sky beast.
You headbutt the sky beast, but do no damage.
The sky beast is severely wounded.
The sky beast hits you.
* * * LOW HITPOINT WARNING * * *
The sky beast shocks you.
* * * LOW HITPOINT WARNING * * *
You completely miss the sky beast.
The sky beast is severely wounded.
The sky beast hits you.
* * * LOW HITPOINT WARNING * * *
The sky beast shocks you.
You die...

# #....#.#... #.#.#
#.##..##.#.## #.#.#
#............ #.#.#
####........### #.#.#
##.##.#.... #.#.#
#.##.##.#####.#.###
#.............#....
.#.####.##.##.#####.....#
........@Y....#.........'
##.###.#.####...##.....#
#............##.....#
........#.#.###....##.....#
........#.#.# #.#.###.....#
........#.#.# #.#..........
......#.#.#.###.#..........
#...###...#.....#..........
#... #...#######........>.


You could see a sky beast.

Vanquished Creatures
  An ice beast (D:5)
  An ogre (D:4)
  A scorpion (D:4)
  A howler monkey (D:4)
  A centaur zombie (D:5)
  2 hounds
  2 orc priests (D:4)
  An orc wizard (D:4)
  A bullfrog skeleton (D:4)
  A worker ant (D:4)
  A hound skeleton (D:4)
  6 adders
  A worm (D:3)
  2 dart slugs (D:1)
  4 leopard geckos
  2 orcs
  5 bats
  6 giant cockroaches
  14 goblins
  10 hobgoblins
  7 jackals (D:3)
  10 kobolds
  3 ball pythons
  6 frilled lizards
  A quokka skeleton (D:4)
  6 rats
  2 plants (D:1)
98 creatures vanquished.

Notes
Turn   | Place    | Note
-------+----------+-------------------------------------------
     0 | D:1      | tof the Minotaur Berserker began the quest for the Orb.
     0 | D:1      | Reached XP level 1. HP: 19/19 MP: 0/0
   263 | D:1      | Reached XP level 2. HP: 26/27 MP: 1/1
   348 | D:1      | Reached skill level 4 in Long Blades
   649 | D:1      | Reached XP level 3. HP: 23/33 MP: 2/2
  1117 | D:2      | Reached skill level 1 in Throwing
  1285 | D:2      | Reached ** piety under Trog
  1435 | D:2      | Reached XP level 4. HP: 37/40 MP: 3/3
  1969 | D:3      | Found a faded altar of an unknown god.
  1986 | D:3      | Reached skill level 5 in Long Blades
  2008 | D:3      | Reached XP level 5. HP: 47/47 MP: 4/4
  2496 | D:3      | Reached *** piety under Trog
  2761 | D:4      | Reached XP level 6. HP: 55/55 MP: 5/5
  2848 | D:4      | Reached skill level 6 in Long Blades
  2849 | D:4      | Reached skill level 5 in Fighting
  3420 | D:5      | Entered Level 5 of the Dungeon
  3429 | D:5      | Reached XP level 7. HP: 51/61 MP: 6/6
  3597 | D:5      | Reached skill level 1 in Shields
  3667 | D:5      | Slain by a sky beast

Vault maps used:
D:1:      giann_bridges, serial_bayou_pond_c, serial_bayou_lagoon_a,
          minivault_27, minmay_unequal
D:2:      first_bread, kennysheep_generic_room_6
D:3:      chequers_ecumenical_altar_island, serial_bayou_pond_a
D:5:      yredelemnul_forgotten_temple_becter

Skill      XL: |  1  2  3  4  5  6  7 |
---------------+----------------------+-----
Long Blades    | 4 5 6 |  6.7
Fighting       | 4 5 |  5.3
Throwing       | 1 2 |  2.6
Armour         | 3 4 |  4.6
Dodging        | 3 4 |  4.0
Shields        | 1 |  1.0

Action                   |  1- 3 |  4- 6 |  7- 9 || total
-------------------------+-------+-------+-------++-------
Melee: Falchion          |   104 |       |       ||   104
       Headbutt          |    32 |    31 |     8 ||    71
       Dagger            |    42 |    61 |       ||   103
       Spear             |       |    61 |    45 ||   106
Invok: Berserk           |       |     1 |       ||     1
  Use: Scroll            |       |     4 |       ||     4
 Stab: Sleeping          |     1 |       |       ||     1
  Eat: Chunk             |     1 |     8 |     1 ||    10
Armor: Ring mail         |    30 |    27 |    20 ||    77
Dodge: Dodged            |    44 |    85 |    19 ||   148
Block: Buckler           |       |       |     1 ||     1
       Rpst.: Falchion   |     3 |       |       ||     3

Table legend:
 A = Spawn XP
 B = Non-spawn XP
 C = Spawn XP percentage of total XP
 D = Spawn monster count
 E = Non-spawn monster count
 F = Spawn count percentage of total count
 G = Total turns spent on level
                    A         B        C        D         E        F      G
               +---------+---------+-------+---------+---------+-------+---------
         Total |       0 |     959 |   0.0 |       0 |      96 |   0.0 |  3667
               +---------+---------+-------+---------+---------+-------+---------
           D:1 |       0 |      41 |   0.0 |       0 |      22 |   0.0 |   974
           D:2 |       0 |      64 |   0.0 |       0 |      25 |   0.0 |   711
           D:3 |       0 |     109 |   0.0 |       0 |      27 |   0.0 |   926
           D:4 |       0 |     502 |   0.0 |       0 |      17 |   0.0 |   809
           D:5 |       0 |     243 |   0.0 |       0 |       5 |   0.0 |   247
               +---------+---------+-------+---------+---------+-------+---------
